 Dungeon Crawl Stone Soup version 0.25.1-2-g60ff931df9 (webtiles) character file.

Game seed: 6659151795934501574

40509 funkygono the Peltast (level 13, -2/116 HPs)
             Began as a Minotaur Fighter on Aug 25, 2020.
             Was a High Priest of the Shining One.
             Slain by Rupert
             ... wielding a +2 vorpal triple sword
              (31 damage)
             ... on level 4 of the Lair of Beasts on Aug 27, 2020.
             The game lasted 01:00:57 (21190 turns).

funkygono the Peltast (Minotaur Fighter)           Turns: 21190, Time: 01:00:58

Health: -2/116     AC: 29    Str: 29    XL:     13   Next: 75%
Magic:  13/13      EV:  8    Int:  7    God:    the Shining One [*****.]
Gold:   1309       SH: 16    Dex: 16    Spells: 12/12 levels left

rFire    . . .     SeeInvis .   a - +7 mace of the Queen {venom, rC+ Int+2 Dex-5}
rCold    + + .     Gourm    .   m - +1 kite shield {AC+3}
rNeg     + + +     Faith    .   q - +2 gold dragon scales
rPois    +         Spirit   .   Q - +0 hat of Noon {rF- Dex+5}
rElec    .         Reflect  .   F - +2 cloak
rCorr    +         Harm     .   r - +1 pair of gloves
MR       .....                  (no boots)
Stlth    ..........             k - amulet of magic regeneration
HPRegen  0.29/turn              U - ring "Moblak" {*Slow rPois rN+ Stlth-}
MPRegen  0.38/turn              w - ring "Syvizoc" {rCorr Str+4 Dex+5}

@: glowing, studying Axes
A: retaliatory headbutt, horns 2
a: Divine Shield, Cleansing Flame, Summon Divine Warrior, Renounce Religion


You were on level 4 of the Lair of Beasts.
You worshipped the Shining One.
The Shining One was extremely pleased with you.
You were not hungry.

You visited 2 branches of the dungeon, and saw 16 of its levels.
You also visited: Gauntlet.

You collected 1309 gold pieces.

Inventory:

Hand Weapons
 a - the +7 mace of the Queen (weapon) {venom, rC+ Int+2 Dex-5}
   (You found it in a Gauntlet)

   It poisons the flesh of those it strikes.
   It affects your intelligence (+2).
   It affects your dexterity (-5).
   It protects you from cold.
 b - a +1 hand crossbow
Missiles
 e - 217 bolts
Armour
 m - a +1 kite shield of protection (worn)
 q - +2 gold dragon scales (worn)
 r - a +1 pair of gloves (worn)
 D - +0 fire dragon scales
 F - a +2 cloak (worn)
 Q - the +0 hat of Noon (worn) {rF- Dex+5}
   (You found it in a Gauntlet)

   It affects your dexterity (+5).
   It makes you vulnerable to fire.
Jewellery
 k - an amulet of magic regeneration (around neck)
 o - an uncursed ring of protection from fire
 w - the ring "Syvizoc" (right hand) {rCorr Str+4 Dex+5}
   (You found it on level 4 of the Lair of Beasts)

   [ring of resist corrosion]

   It affects your strength (+4).
   It affects your dexterity (+5).
   It provides partial protection from all sources of acid and corrosion.
 K - an uncursed ring of protection from magic
 U - the ring "Moblak" (left hand) {*Slow rPois rN+ Stlth-}
   (You found it on level 12 of the Dungeon)

   [ring of attention]

   It protects you from poison.
   It protects you from negative energy.
   It may slow you when you take damage.
   It makes you less stealthy.
Wands
 n - a wand of iceblast (18)
 t - a wand of disintegration (7)
 x - a wand of digging (15)
 z - a wand of polymorph (10)
 T - a wand of acid (14)
 V - a wand of flame (79)
 W - a wand of enslavement (3)
Scrolls
 c - a scroll of fog
 i - 3 scrolls of magic mapping
 j - 3 scrolls of identify
 s - 7 scrolls of remove curse
 u - 19 scrolls of teleportation
 v - a scroll of fear
 y - 7 scrolls of amnesia
Potions
 d - 2 potions of might
 g - 7 potions of flight
 h - 2 potions of berserk rage
 l - 6 potions of curing
 C - 5 potions of resistance
 I - 2 potions of haste
 Z - 2 potions of mutation
Books
 N - a manual of Axes
Miscellaneous
 M - a phial of floods
Comestibles
 f - 32 rations
 p - 3 chunks of flesh


   Skills:
 + Level 11.1 Fighting
 + Level 14.6 Maces & Flails
   Level 3.7 Slings
 + Level 7.2 Crossbows
 + Level 11.5 Armour
 + Level 3.5 Dodging
 + Level 15.7 Shields
 + Level 2.3 Invocations
 + Level 1.0 Evocations


You had 12 spell levels left.
You didn't know any spells.
Your spell library contained the following spells:

 Spells                   Type           Power        Failure   Level  Hunger
 Animate Skeleton         Necr           N/A          100%        1    ##.....
 Corona                   Hex            #......      100%        1    ##.....
 Infusion                 Chrm           #...         100%        1    ##.....
 Pain                     Necr           #...         100%        1    ##.....
 Ensorcelled Hibernation  Hex/Ice        #.....       100%        2    ###....
 Shroud of Golubria       Chrm/Tloc      #.....       100%        2    ###....
 Song of Slaying          Chrm           #.......     100%        2    ###....
 Confusing Touch          Hex            #.......     100%        3    ####...
 Dazzling Flash           Conj/Hex       #.....       100%        3    ####...
 Ozocubu's Armour         Chrm/Ice       #.......     100%        3    ####...
 Recall                   Summ/Tloc      N/A          100%        3    ####...
 Spectral Weapon          Hex/Chrm       #.......     100%        3    ####...
 Tukima's Dance           Hex            #.......     100%        3    ####...
 Vampiric Draining        Necr           #.........   100%        3    ####...
 Animate Dead             Necr           N/A          100%        4    #####..
 Ice Form                 Ice/Tmut       #.......     100%        4    #####..
 Agony                    Necr           #.......     100%        5    ######.
 Borgnjor's Vile Clutch   Necr/Erth      #.........   100%        5    ######.
 Metabolic Englaciation   Hex/Ice        #.........   100%        5    ######.
 Death Channel            Necr           #.........   100%        6    #######
 Freezing Cloud           Conj/Ice/Air   #.........   100%        6    #######
 Ozocubu's Refrigeration  Ice            #.........   100%        6    #######
 Simulacrum               Ice/Necr       #.........   100%        6    #######


Dungeon Overview and Level Annotations

Branches:
Dungeon (12/15)            Temple (0/1) D:7            Lair (4/6) D:10
  Swamp (0/4) Lair:3        Snake (0/4) Lair:3          Orc (0/2) D:12
Gauntlet (visited)

Altars:
Cheibriados
Dithmenos
Elyvilon
Fedhas
Hepliaklqana
Makhleb
Qazlal
Ru
Uskayaw
Vehumet
Yredelemnul
The Shining One
Beogh

Annotations:
Lair:4 Rupert


Innate Abilities, Weirdness & Mutations

You reflexively headbutt those who attack you in melee.
You have a pair of horns on your head.


Message History

Your headbutt misses Rupert.
Rupert is heavily wounded.
You block Rupert's attack.
Some of the chunks of flesh in your inventory have rotted away.
You hit Rupert but do no damage.
Rupert looks as sick as possible!
Rupert is heavily wounded.
You sock Rupert!
Rupert looks as sick as possible!
You headbutt Rupert!
Rupert is heavily wounded.
You block Rupert's attack.
You sock Rupert!
Rupert looks as sick as possible!
You headbutt Rupert.
Rupert is severely wounded.
Rupert hits you with a +2 vorpal triple sword!
You hit Rupert.
Rupert looks as sick as possible!
You headbutt Rupert.
Rupert is severely wounded.
Rupert hits you with a +2 vorpal triple sword!
* * * LOW HITPOINT WARNING * * *
x2 You thump Rupert!
Rupert is almost dead.
Rupert hits you with a +2 vorpal triple sword!!
You die...

... ##..###............
... ##..##............
... #.......#.#..#..#
#.P.P#.#########.
##..#### ## ###...P#####
##(##.....#.####
..###...(......(.#.##
.......@.##.........####
......@...#..P##.......#
.....(.....#########....
............# ####.
........^...# ##
............# #
.......(##### #P..#####


You could see Rupert (berserk, extremely poisoned).

Vanquished Creatures
  A shadow dragon (D:12)
  A minotaur (Gauntlet)
  Snorg (Lair:4)
  An ettin (D:12)
  A deep elf high priest (D:12)
  A fire dragon (Lair:3)
  3 hydras
  2 catoblepae
  A centaur warrior (D:9)
  Nergalle (Lair:4)
  4 skeletal warriors (D:12)
  A cyclops (D:11)
  An ugly thing (D:11)
  A deep elf mage (D:12)
  Maurice (D:9)
  A worldbinder (Gauntlet)
  2 black mambas
  7 spiny frogs
  3 komodo dragons
  A yaktaur (D:9)
  5 trolls
  A wolf spider simulacrum (D:10)
  A tyrant leech (Lair:3)
  A slime creature (Lair:1)
  A raiju (Gauntlet)
  4 blink frogs (Lair:4)
  3 hippogriffs
  Sigmund (D:4)
  2 centaur simulacra (Gauntlet)
  2 vampires
  A wyvern (D:11)
  A tarantella (shapeshifter) (D:9)
  3 hogs (D:12)
  A wraith (D:8)
  2 basilisks
  A human (D:12)
  19 yaks
  Grum (D:9)
  3 hungry ghosts
  A steam dragon (Gauntlet)
  4 vampire mosquitoes (D:12)
  A redback simulacrum (Gauntlet)
  2 swamp worms (Lair:3)
  An acid dragon (D:12)
  A harpy simulacrum (Gauntlet)
  Duvessa (D:4)
  11 water moccasins
  6 porcupines
  4 sky beasts
  7 ice beasts
  3 phantoms
  10 orc warriors
  4 black bears
  4 necrophages (D:9)
  15 wolves
  7 ogres
  A boggart (Gauntlet)
  11 centaurs
  7 crocodiles
  A big kobold (D:12)
  12 bullfrogs
  A wyvern zombie (D:9)
  A gnoll sergeant (D:11)
  Dowan (D:4)
  2 water moccasin skeletons
  3 scorpions
  13 killer bees
  3 howler monkeys
  16 wights
  3 electric eels
  7 crimson imps
  6 bullfrog zombies
  A centaur zombie (D:5)
  9 jellies
  14 orc wizards
  A bullfrog skeleton (D:12)
  6 orc priests
  7 hounds
  2 centaur skeletons
  6 iguanas
  Ijyb (D:4)
  11 worker ants
  2 killer bee zombies (D:9)
  3 hound skeletons
  2 mummies (D:9)
  A worker ant zombie (D:7)
  9 gnolls
  12 adders
  2 shadow imps
  17 oozes
  3 adder zombies
  4 adder skeletons
  5 worms
  4 dart slugs
  9 leopard geckos
  69 orcs
  6 giant cockroaches
  5 goblins
  10 hobgoblins
  5 jackals
  3 quokkas
  5 ball pythons
  9 bats
  6 frilled lizards
  A jackal skeleton (D:4)
  A jackal zombie (D:5)
  10 kobolds
  A leopard gecko skeleton (D:5)
  2 leopard gecko zombies
  A quokka zombie (D:9)
  10 rats
  3 fungi (Lair:1)
536 creatures vanquished.

Vanquished Creatures (others)
  An orc (D:11)
  4 fungi
  2 plants (Gauntlet)
7 creatures vanquished.

Grand Total: 543 creatures vanquished

Notes
Turn   | Place    | Note
-------+----------+-------------------------------------------
     0 | D:1      | funkygono the Minotaur Fighter began the quest for the Orb.
     0 | D:1      | Reached XP level 1. HP: 19/19 MP: 0/0
   378 | D:1      | Reached XP level 2. HP: 27/27 MP: 1/1
   466 | D:1      | Reached skill level 4 in Shields
   582 | D:1      | Reached XP level 3. HP: 27/33 MP: 2/2
   962 | D:1      | Found a basalt altar of Yredelemnul.
  1257 | D:2      | Found a sacrificial altar of Ru.
  1277 | D:2      | Reached XP level 4. HP: 35/40 MP: 3/3
  2448 | D:3      | Found a burning altar of Makhleb.
  2463 | D:3      | Reached XP level 5. HP: 45/47 MP: 4/4
  2510 | D:3      | Reached skill level 5 in Shields
  2563 | D:3      | Found a hazy altar of Hepliaklqana.
  2620 | D:3      | Reached skill level 1 in Dodging
  3326 | D:3      | Found a glowing golden altar of the Shining One.
  3369 | D:3      | Reached skill level 5 in Armour
  3369 | D:3      | Reached XP level 6. HP: 49/53 MP: 5/5
  3426 | D:3      | Found a hide-covered altar of Uskayaw.
  3535 | D:3      | Became a worshipper of the Shining One
  3683 | D:4      | Noticed Sigmund
  3698 | D:4      | Killed Sigmund
  3698 | D:4      | Reached skill level 6 in Shields
  3869 | D:4      | Noticed Duvessa
  3870 | D:4      | Noticed Dowan
  3880 | D:4      | Killed Duvessa
  3880 | D:4      | Reached XP level 7. HP: 44/60 MP: 6/6
  3888 | D:4      | Killed Dowan
  4126 | D:4      | Reached skill level 5 in Maces & Flails
  4427 | D:4      | Noticed Ijyb
  4432 | D:4      | Killed Ijyb
  4470 | D:4      | Found a radiant altar of Vehumet.
  4627 | D:4      | You fall into a shaft and drop 2 floors!
  4627 | D:6      | Found a white marble altar of Elyvilon.
  4681 | D:5      | Entered Level 5 of the Dungeon
  4685 | D:5      | Reached skill level 7 in Shields
  5354 | D:5      | Reached * piety under the Shining One
  5365 | D:5      | Reached skill level 5 in Fighting
  5365 | D:5      | Reached XP level 8. HP: 62/68 MP: 7/7
  5832 | D:5      | Reached skill level 8 in Shields
  7060 | D:6      | Reached XP level 9. HP: 74/74 MP: 8/8
  7072 | D:6      | You fall into a shaft and drop 1 floor!
  7073 | D:7      | Reached ** piety under the Shining One
  7080 | D:7      | Reached skill level 9 in Shields
  7097 | D:7      | Found the +11 plutonium sword {*Contam Stlth-}
  7138 | D:7      | Found a staircase to the Ecumenical Temple.
  7392 | D:7      | Found a stormy altar of Qazlal.
  7738 | D:7      | Reached skill level 10 in Shields
  7753 | D:7      | Reached *** piety under the Shining One
  8351 | D:8      | Reached skill level 10 in Maces & Flails
  8424 | D:8      | Reached XP level 10. HP: 82/84 MP: 9/9
  8473 | D:8      | Got a twisted falchion
  8846 | D:8      | Found a snail-covered altar of Cheibriados.
  8850 | D:8      | Found a white marble altar of Elyvilon.
  8851 | D:8      | Found a shadowy altar of Dithmenos.
  9359 | D:8      | Identified the +8 falchion of the Lair of Beasts {freeze,
                  | Str+4} (You found it on level 8 of the Dungeon)
  9557 | D:9      | Noticed Grum
  9562 | D:9      | Reached skill level 11 in Shields
  9585 | D:9      | Killed Grum
 10031 | D:9      | Reached **** piety under the Shining One
 10369 | D:9      | Noticed Maurice
 10419 | D:9      | Killed Maurice
 10419 | D:9      | Reached skill level 12 in Shields
 10829 | D:9      | Noticed a centaur warrior
 10830 | D:9      | Reached ***** piety under the Shining One
 10866 | D:9      | Killed a centaur warrior
 10866 | D:9      | Reached XP level 11. HP: 50/92 MP: 10/10
 11293 | D:10     | Entered Level 10 of the Dungeon
 11439 | D:10     | Found a staircase to the Lair.
 11480 | D:10     | Reached skill level 1 in Slings
 13058 | D:11     | Reached skill level 13 in Shields
 13088 | D:11     | Reached skill level 1 in Invocations
 13137 | D:11     | Found a roughly hewn altar of Beogh.
 13254 | D:11     | Reached skill level 1 in Evocations
 13792 | D:11     | Noticed a green ugly thing
 13805 | D:11     | Killed a green ugly thing
 14027 | D:12     | Found a gate leading to a gauntlet.
 14040 | Gauntlet | Entered a Gauntlet
 14040 | Gauntlet | Found a transporter.
 14040 | Gauntlet | Found a transporter.
 14049 | Gauntlet | Found a transporter.
 14052 | Gauntlet | Found a transporter.
 14060 | Gauntlet | Found a transporter.
 14064 | Gauntlet | Found a transporter.
 14070 | Gauntlet | Found a runed translucent gate.
 14072 | Gauntlet | Found a transporter.
 14073 | Gauntlet | Found a runed translucent gate.
 14074 | Gauntlet | Found a runed translucent gate.
 14081 | Gauntlet | Noticed a death drake
 14088 | Gauntlet | Found a transporter.
 14093 | Gauntlet | Found a transporter.
 14113 | Gauntlet | Found a transporter.
 14121 | Gauntlet | Found a transporter.
 14125 | Gauntlet | Found a transporter.
 14379 | Gauntlet | Reached skill level 1 in Crossbows
 14379 | Gauntlet | Reached XP level 12. HP: 98/103 MP: 11/11
 14407 | Gauntlet | Got a dazzling hat
 14418 | Gauntlet | Identified the cursed +0 hat of Noon {rF- Dex+5} (You found
                  | it in a Gauntlet)
 14419 | Gauntlet | Got an ancient mace
 14420 | Gauntlet | Identified the +7 mace of the Queen {venom, rC+ Int+2
                  | Dex-5} (You found it in a Gauntlet)
 14504 | Gauntlet | Noticed a minotaur
 14524 | Gauntlet | Killed a minotaur
 14677 | D:12     | Reached skill level 14 in Shields
 15107 | D:12     | Found a staircase to the Orcish Mines.
 15401 | D:12     | Noticed a shadow dragon
 15402 | D:12     | Noticed an ettin
 15453 | D:12     | Killed an ettin
 15577 | D:12     | Noticed a catoblepas
 15580 | D:12     | Killed a shadow dragon
 15584 | D:12     | Reached skill level 10 in Armour
 15610 | D:12     | Killed a catoblepas
 15821 | D:12     | Noticed a deep elf high priest
 15830 | D:12     | Killed a deep elf high priest
 16166 | D:12     | Got a wavering silver ring
 16170 | D:12     | Identified the ring "Moblak" {*Slow rPois rN+ Stlth-} (You
                  | found it on level 12 of the Dungeon)
 16394 | D:12     | Reached skill level 15 in Shields
 16589 | Lair:1   | Entered Level 1 of the Lair of Beasts
 16775 | Lair:1   | Reached XP level 13. HP: 80/113 MP: 13/13
 17035 | Lair:1   | Reached skill level 10 in Fighting
 17394 | Lair:1   | Reached skill level 5 in Crossbows
 17691 | Lair:2   | Found a blossoming altar of Fedhas.
 19270 | Lair:3   | Found a staircase to the Snake Pit.
 19446 | Lair:3   | Found a staircase to the Swamp.
 19569 | Lair:3   | Noticed a fire dragon
 19595 | Lair:3   | Killed a fire dragon
 20208 | Lair:4   | Got a transparent glass ring
 20210 | Lair:4   | Identified the ring "Syvizoc" {rCorr Str+4 Dex+5} (You
                  | found it on level 4 of the Lair of Beasts)
 20641 | Lair:4   | Noticed Snorg
 20656 | Lair:4   | Killed Snorg
 20937 | Lair:4   | Noticed Nergalle
 20947 | Lair:4   | Killed Nergalle
 21171 | Lair:4   | Noticed Rupert
 21175 | Lair:4   | Paralysed by Rupert for 2 turns
 21190 | Lair:4   | Slain by Rupert

Illustrated notes

Levels and vault maps discovered:
D:1:      sevenhm_arrival_forest_fort_small_6, layout_basic
D:2:      layout_loops_ring, nicolae_ru_awakened_eye, minmay_misc_feat_room
D:3:      layout_rooms, nicolae_overflow_quartered_altars
D:4:      layout_gridville, fiery_altar_vehumet, uniq_sigmund, uniq_ijyb,
          uniq_duvessa
D:5:      layout_loops_cross, first_ration, minmay_pentangle
D:6:      layout_gridville, basic_altar, gup_sewer_entry_spiral
D:7:      layout_basic, marbit_many_paths, minmay_temple_entry_drinking_statues
D:8:      minmay_the_grid_octo_2x2 [minmay_the_grid_octo_clover_2,
          minmay_the_grid_octo_clover, minmay_the_grid_octo_fan_narrow,
          minmay_the_grid_octo_prize_square_snowflake], layout_basic,
          grunt_temple_overflow_open
D:9:      minmay_slanted_spiral_squares, layout_basic, serial_undead,
          serial_undead_f, serial_undead_f, serial_undead_d, serial_undead_e,
          uniq_grum, uniq_maurice
D:10:     layout_layer_cave, lair_entry_dummy
D:11:     layout_loops_ring, special_room [special_room_orc]
D:12:     cross_vault, layout_long_grid, orc_0_dummy, gauntlet_entry_generic,
          grunt_livestock, palyth_stone_intersect
Lair:1:   lemuel_slime, layout_gridlike, infiniplex_staircase_pool_2
Lair:2:   layout_hall_layers, basic_altar, minivault_26,
          chequers_serial_rivers_small_b
Lair:3:   dragon1_lemuel, layout_hall_layers, palyth_hydra_swamp_entry
Lair:4:   layout_cave_pods, chequers_serial_rivers_small_3, grunt_megastairs_1,
          uniq_snorg, uniq_rupert, uniq_nergalle

Skill      XL: |  1  2  3  4  5  6  7  8  9 10 11 12 13 |
---------------+----------------------------------------+-----
Shields        | 4 5 6 7 8 10 12 13 15 | 15.7
Armour         | 4 5 6 7 8 9 10 11 | 11.5
Fighting       | 4 5 6 7 8 9 11 | 11.1
Maces & Flails | 3 4 6 8 10 12 13 14 | 14.6
Dodging        | 1 2 3 |  3.5
Slings         | 3 |  3.7
Invocations    | 1 2 |  2.3
Evocations     | 1 |  1.0
Crossbows      | 1 4 7 |  7.2

Action                   |  1- 3 |  4- 6 |  7- 9 | 10-12 | 13-15 || total
-------------------------+-------+-------+-------+-------+-------++-------
Melee: Flail             |    85 |   219 |   298 |       |       ||   602
       Headbutt          |    16 |    26 |    68 |   171 |    47 ||   328
       Morningstar       |       |       |   127 |   339 |       ||   466
       Mace              |       |       |       |   418 |   256 ||   674
 Fire: Hunting sling     |       |       |       |    86 |       ||    86
       Hand crossbow     |       |       |       |    65 |   120 ||   185
Invok: Divine Shield     |       |       |       |     8 |     5 ||    13
       Cleansing Flame   |       |       |       |     1 |     2 ||     3
Evoke: Wand              |       |       |       |     3 |       ||     3
       Phial of floods   |       |       |       |     1 |       ||     1
  Use: Scroll            |     4 |     5 |     6 |    16 |     5 ||    36
       Potion            |       |     1 |       |     4 |       ||     5
  Eat: Chunk             |     1 |     9 |    12 |    24 |    12 ||    58
       Ration            |       |       |     3 |       |     1 ||     4
Armor: Scale mail        |    37 |    91 |    12 |       |       ||   140
       Chain mail        |       |       |    42 |       |       ||    42
       Plate armour      |       |       |    58 |   215 |       ||   273
       Gold dragon scale |       |       |       |    15 |   144 ||   159
       Shadow dragon sca |       |       |       |     1 |       ||     1
Dodge: Dodged            |    34 |    47 |    71 |   158 |    47 ||   357
Block: Kite shield       |    54 |    38 |       |   146 |   202 ||   440
       Tower shield      |       |   178 |   400 |   538 |       ||  1116
